 Dungeon Crawl Stone Soup version 0.30.1 (webtiles) character file.

Game seed: 16569407251341072394

291 monsoonserge the Chopper (level 6, 39/41 HPs)
             Began as a Meteoran Fighter on July 9, 2023.
             Quit the game on level 3 of the Dungeon.
             The game lasted 00:11:00 (1587 turns).

monsoonserge the Chopper (Meteoran Fighter)         Turns: 1587, Time: 00:11:00

Health: 39/41      AC: 14    Str: 19    XL:     6   Next: 90%
Magic:  7/7        EV: 10    Int:  9    God:
Gold:   164        SH:  6    Dex: 21    Spells: 5/5 levels left

rFire   . . .        a - +0 war axe
rCold   . . .        c - +0 buckler
rNeg    + . .        b - +0 scale mail
rPois   .            l - +1 helmet
rElec   .            (no cloak)
rCorr   .            (no gloves)
SInv    .            o - +0 pair of boots
Will    .....        (no amulet) Stlth
                     r - ring of the Pariah {rN+ AC+4}
HPRegen 0.26/turn    t - +6 ring of dexterity
MPRegen 0.10/turn

%: no passive effects
@: glowing
A: sense surroundings 1, otherworldly, glowing, explore regen
a: no special abilities


You were on level 3 of the Dungeon.
You visited 1 branch of the dungeon, and saw 3 of its levels.
You also visited: Sewer.

You collected 164 gold pieces.

Inventory:

Hand Weapons
 a - a +0 war axe (weapon)
Armour
 b - a +0 scale mail (worn)
 c - a +0 buckler (worn)
 l - a +1 helmet (worn)
 o - a +0 pair of boots (worn)
Jewellery
 m - a ring of magical power
 r - the ring of the Pariah (left hand) {rN+ AC+4}
   (You found it on level 3 of the Dungeon)

   [ring of protection]

   AC:        It affects your AC (+4).
   rN:        It protects you from negative energy.
 t - a +6 ring of dexterity (right hand)
Wands
 q - a wand of flame (14)
Scrolls
 f - a scroll of acquirement {unknown}
 g - a scroll of poison {unknown}
 h - 3 scrolls of identify {unknown}
 j - a scroll of fear {unknown}
 k - a scroll of brand weapon {unknown}
 n - a scroll of enchant weapon {unknown}
 p - a scroll of silence {unknown}
 s - 2 scrolls of magic mapping {unknown}
 u - 2 scrolls of enchant armour {unknown}
 v - a scroll of summoning {unknown}
 x - 2 scrolls of amnesia {unknown}
Potions
 d - a potion of might
 e - 5 potions of flight
 i - 2 potions of heal wounds {unknown}
 w - a potion of mutation


   Skills:
 + Level 4.8 Fighting
 - Level 5.0 Axes
 + Level 4.9 Armour
 + Level 1.9 Dodging
 - Level 4.0 Shields
 - Level 1.0 Evocations


You had 5 spell levels left.
You didn't know any spells.
Your spell library contained the following spells:

 Spells                   Type           Power      Damage    Failure   Level
 Anguish                  Hex/Necr       0%         N/A       100%        4
 Agony                    Necr           0%         N/A       100%        5
 Summon Mana Viper        Hex/Summ       0%         N/A       100%        5
 Starburst                Conj/Fire      0%         6d3       100%        6
 Enfeeble                 Hex            0%         N/A       100%        7
 Infestation              Necr           0%         N/A       100%        8


Dungeon Overview and Level Annotations

Branches:
Dungeon (3/15) Zot: 625     Sewer (visited)

Altars:
Vehumet

Shops:
D:2 [


Innate Abilities, Weirdness & Mutations

You passively map a small area around you.
You are easily found by Zot.
You glow in the dark.
You regain HP and MP as you explore.


Message History

You hit the ball python.
You kill the ball python!
Found 2 scrolls labelled ZIUGINU PUVETS.
Found a scroll of noise and a scroll labelled NADEHU KA YSS.
Found a scroll labelled XASEAM RIPSA and a scroll labelled TEUXTO JEKOGE.
Zot draws nearer.
Dive deeper or flee this branch before you suffer!
g - a scroll labelled XASEAM RIPSA
u - 2 scrolls labelled TEUXTO JEKOGE (gained 1)
s - 2 scrolls labelled NADEHU KA YSS (gained 1)
x - 2 scrolls labelled ZIUGINU PUVETS You see here a ball python corpse.
You feel very buoyant.
You fly up into the air.
You see here a bat corpse.
You see here a river rat skeleton.
Zot has nearly found you.
Suffering is imminent.
Descend or flee this branch!
You are starting to lose your buoyancy.
There is a gate leading back out of this place here.
Zot's power touches on you...
Welcome back to the Dungeon!
There is a collapsed entrance here.
You float gracefully downwards.
Splash!
You fall into the shallow water.
Moving in this stuff is going to be slow.
You hear a shout!
A bat comes into view.
The bat hits you but does no damage. x2
An orc comes into view. It is wielding a +0 hand axe.
The bat hits you but does no damage. You block the orc's attack.
The bat hits you but does no damage. The orc hits you with a +0 hand axe.
You slash the orc!
You kill the orc!
You miss the bat. The bat barely misses you.
The bat hits you but does no damage. The bat hits you but does no damage.
The bat barely misses you.
You hit the bat.
You kill the bat!
Are you sure you want to abandon this character and quit the game? (Confirm with "yes".)

,........# * .......' >
., , *,......# , ... ,
.....# , ... * * * ,
....# * ...* , *, *,,
...# #.#
...#############).# #.#
......~~~~~~~~~...# #.#
......~~~~.~~~~†@## #.#
......~~~~~~~~~.## #.#
...÷.############ #.#
.........###....#####.##
#......................#
#.......##.###.###.###.#
#.......##.#.#...#.#.#.#
##.....###.#.#.###.#.#.#
#.....# #.............#


There were no monsters in sight!

Vanquished Creatures
  Jessica (D:2)
  Natasha (D:2)
  Robin (D:2)
  8 adders
  4 river rats (Sewer)
  5 worms
  An orc (D:3)
  8 endoplasms
  6 giant cockroaches
  16 goblins
  9 hobgoblins
  6 jackals
  9 quokkas
  9 ball pythons
  9 bats
  4 frilled lizards
  2 kobolds (D:2)
  3 rats
102 creatures vanquished.

Notes
Turn   | Place    | Note
-------+----------+-------------------------------------------
     0 | D:1      | monsoonserge the Meteoran Fighter began the quest for the
                  | Orb.
     0 | D:1      | Reached XP level 1. HP: 19/19 MP: 2/2
   321 | D:1      | Got the Vellum of Evil Blows
   329 | D:1      | Reached XP level 2. HP: 24/26 MP: 3/3
   486 | D:1      | Glimpsed the power of Zot.
   504 | D:1      | Got the Handbook of Unfortunate Maleficent Deeds
   530 | D:2      | Noticed Jessica
   537 | D:2      | Reached XP level 3. HP: 29/31 MP: 4/4
   537 | D:2      | Killed Jessica
   538 | D:2      | Reached skill level 3 in Axes
   538 | D:2      | Reached XP level 4. HP: 38/40 MP: 5/5
   623 | D:2      | Noticed Natasha
   632 | D:2      | Killed Natasha
   633 | D:2      | Reached skill level 4 in Axes
   633 | D:2      | Reached XP level 5. HP: 37/46 MP: 6/6
   652 | D:2      | Noticed Robin
   689 | D:2      | Killed Robin
   714 | D:2      | Found Qituos's Antique Armour Boutique.
   981 | D:3      | Found a radiant altar of Vehumet.
  1004 | D:3      | Identified the ring of the Pariah {rN+ AC+4}
  1086 | D:3      | Reached skill level 1 in Dodging
  1086 | D:3      | Reached XP level 6. HP: 38/53 MP: 7/7
  1086 | D:3      | Found a glowing drain.
  1103 | Sewer    | Entered a sewer
  1143 | Sewer    | Reached skill level 5 in Axes
  1252 | Sewer    | Reached skill level 1 in Evocations
  1486 | Sewer    | Glimpsed the power of Zot.
  1523 | Sewer    | Glimpsed the power of Zot.
  1563 | Sewer    | Glimpsed the power of Zot.
  1573 | Sewer    | Touched by the power of Zot.
  1587 | D:3      | Quit the game

Illustrated notes

Levels and vault maps discovered:
D:1:      dpeg_arrival_oval, layout_loops_corners
D:2:      layout_basic, serial_shops,
          nicolae_shop_temple_entry_statues_fountains, uniq_jessica, uniq_robin,
          uniq_natasha
D:3:      layout_basic, vehumet_altar_wand_db, portal_sewer_entry_f,
          minmay_misc_feat_nine_boxes, minmay_circle_x

Skill      XL: |  1  2  3  4  5  6 |
---------------+-------------------+-----
Fighting       | 4 |  4.8
Axes           | 3 4 5 |  5.0
Armour         | 4 |  4.9
Shields        | 4 |  4.0
Dodging        | 1 |  1.9
Evocations     | 1 |  1.0

Action                     |  1- 3 |  4- 6 || total
---------------------------+-------+-------++-------
  Melee: War axe           |    37 |   241 ||   278
    Use: Potion            |       |     1 ||     1
 Armour: Scale mail        |    13 |   173 ||   186
  Dodge: Dodged            |    16 |   126 ||   142
  Block: Buckler           |    11 |    80 ||    91
